 Dungeon Crawl Stone Soup version 0.18-a0-1753-ga9cdad3 (webtiles) character file.

81 ArcMage the Unweaver (level 4, -2/35 HPs)
             Began as a Demonspawn Abyssal Knight on Apr 12, 2016.
             Was a Follower of Lugonu.
             Slain by Crazy Yiuf
             ... wielding a +4 quarterstaff of chaos
              (3 damage)
             ... while paralysed by Crazy Yiuf
             ... on level 3 of the Dungeon.
             The game lasted 00:07:32 (2487 turns).

ArcMage the Unweaver (Demonspawn Abyssal Knight)    Turns: 2487, Time: 00:07:32

Health: -2/35      AC: 16    Str: 12    XL:     4   Next: 19%
Magic:  6/6        EV:  2    Int: 13    God:    Lugonu [*.....]
Gold:   93         SH:  0    Dex: 14    Spells: 0 memorised, 3 levels left

rFire  . . .     SeeInvis .     a - +1 hand axe
rCold  . . .     Gourm    .     c - +0 plate armour
rNeg   . . .     Faith    .     (no shield)
rPois  .         Spirit   .     d - +2 helmet
rElec  .         Dismiss  .     (no cloak)
rCorr  .         Reflect  .     (no gloves)
SustAt .         Harm     .     (no boots)
MR     .....                    (no amulet)
Stlth  ..........               (no ring)
                                (no ring)

@: paralysed, lethally poisoned (-2 -> -13), drained, not resistant to hostile
enchantments, extremely unstealthy
A: large bone plates 1
a: Depart the Abyss, Renounce Religion


You were on level 3 of the Dungeon.
You worshipped Lugonu.
Lugonu was aware of your devotion.
You were not hungry.

You visited 1 branch of the dungeon, and saw 3 of its levels.
You visited the Abyss 1 time.

You collected 93 gold pieces.

Inventory:

Hand Weapons
 a - a +1 hand axe (weapon)
Armour
 c - a +0 plate armour (worn)
 d - a +2 helmet (worn)
Scrolls
 e - a scroll of fear {unknown}
 f - a scroll of fog {unknown}
 g - 3 scrolls of enchant armour {unknown}
 i - a scroll of remove curse {unknown}
 n - 2 scrolls of enchant weapon {unknown}
 o - a scroll of magic mapping {unknown}
 p - a scroll of identify {unknown}
 r - a scroll of amnesia {unknown}
Potions
 b - 2 potions of lignification {unknown}
 j - 2 potions of curing {unknown}
 k - a potion of cancellation {unknown}
 s - a potion of resistance {unknown}
Comestibles
 h - 8 chunks of flesh
 l - a royal jelly
 m - a bread ration
 q - a meat ration
 t - 5 fruits


   Skills:
 + Level 3.3(3.0) Fighting
 * Level 2.8(2.5) Axes
 + Level 2.2(2.0) Armour
 + Level 1.5(1.3) Dodging
 + Level 3.4(3.1) Invocations


You had 3 spell levels left.
You didn't know any spells.

Dungeon Overview and Level Annotations

Branches:
Dungeon (3/15)

Altars:
Makhleb
Nemelex Xobeh
Sif Muna

Annotations:
D:3 Crazy Yiuf


Innate Abilities, Weirdness & Mutations

You are partially covered in large bone plates (AC +2, SH +2).


Message History

Crazy Yiuf is heavily wounded.
Crazy Yiuf hits you but does no damage.
You feel drained.
You closely miss Crazy Yiuf.
Crazy Yiuf is heavily wounded.
You feel sick.
Crazy Yiuf says, "Hack!"
Crazy Yiuf hits you with a quarterstaff of chaos.
You are lethally poisoned!
You hit Crazy Yiuf.
Crazy Yiuf is severely wounded.
You feel sick.
Crazy Yiuf hits you with a quarterstaff of chaos.
You suddenly lose the ability to move!
You feel sick.
Crazy Yiuf hits you with a quarterstaff of chaos!
* * * LOW HITPOINT WARNING * * *
x2
* * * LOW HITPOINT WARNING * * *
You feel sick.
Crazy Yiuf hits you with a quarterstaff of chaos.
You die...

############ ...........#
...........# ...........# #####
..........## #..)# ..........#
#...# ###.#####.## ... ###.#
#..# #g# ....# #..# ♣♣@♣ ....##
#..# ♣.♣♣ .....####..# ♣♣.♣
..._.......# ♣.♣♣ ##.....#####
♣♣.♣♣ ### ... ##....# ♣...♣♣ #.#
.... #....# .# ♣....♣ #.# ....
#.#####..# #....# #.### .....
###.#####..###....####...###....


You could see Crazy Yiuf.

Vanquished Creatures
  5 adders
  A worm (D:2)
  2 dart slugs
  A giant gecko (D:1)
  A giant cockroach (D:2)
  3 goblins
  A hobgoblin (D:1)
  A quokka (D:2)
  10 bats
  A giant newt (D:1)
  4 kobolds
  6 rats
36 creatures vanquished.

Notes
Turn   | Place    | Note
--------------------------------------------------------------
     0 | Abyss:1  | ArcMage the Demonspawn Abyssal Knight began the quest for the Orb.
     0 | Abyss:1  | Reached XP level 1. HP: 18/18 MP: 2/2
    57 | Abyss:1  | Found a corrupted altar of Lugonu.
   256 | Abyss:1  | Noticed a worldbinder
   256 | D:1      | Escaped the Abyss
   373 | D:1      | Reached skill level 1 in Dodging
   454 | D:1      | Reached * piety under Lugonu
   454 | D:1      | Gained mutation: You are partially covered in large bone plates (AC +2, SH +2). [demonic ancestry]
   454 | D:1      | Reached XP level 2. HP: 24/24 MP: 3/3
   468 | D:1      | You fall through a shaft!
   900 | D:2      | Found a burning altar of Makhleb.
   900 | D:2      | Noticed a blizzard demon
  1328 | D:2      | Reached XP level 3. HP: 27/29 MP: 5/5
  2234 | D:3      | Found a deep blue altar of Sif Muna.
  2340 | D:3      | Reached XP level 4. HP: 30/35 MP: 6/6
  2440 | D:3      | Found a sparkling altar of Nemelex Xobeh.
  2467 | D:3      | Noticed Crazy Yiuf
  2485 | D:3      | Paralysed by Crazy Yiuf for 4 turns
  2487 | D:3      | HP: 1/35 [poisoned by Crazy Yiuf]
  2487 | D:3      | Slain by Crazy Yiuf

Vault maps used:
D:1:      minmay_arrival_radiant_lines
D:2:      makhleb_altar_promises_db
D:3:      nemelex_deck, nicolae_overflow_crystal_walls, uniq_crazy_yiuf_cottage

Skill      XL: |  1  2 |
---------------+-------+-----
Dodging        | 1 |  1.5
Axes           | 2 |  2.8
Armour         | 2 |  2.2
Invocations    | 3 |  3.4
Fighting       | |  3.3

Action                   |  1- 3 |  4- 6 || total
-------------------------+-------+-------++-------
Melee: Hand axe          |   136 |    30 ||   166
Invok: Depart the Abyss  |     1 |       ||     1
  Eat: Bread ration      |     1 |       ||     1
       Chunk             |       |     1 ||     1
Armor: Leather armour    |    18 |       ||    18
       Plate armour      |    96 |    27 ||   123
Dodge: Dodged            |    54 |     2 ||    56
Block: Other             |    10 |     5 ||    15
